 Dungeon Crawl Stone Soup version 0.23-b1-6-ga921848 (webtiles) character file.

Game seed: 3415610037230000730

511 dvd the Shield-Bearer (level 6, -1/53 HPs)
             Began as a Minotaur Fighter on Feb 1, 2019.
             Was an Initiate of Makhleb.
             Splashed by Ijyb's acid (14 damage)
             ... on level 4 of the Dungeon.
             The game lasted 00:06:07 (3068 turns).

dvd the Shield-Bearer (Minotaur Fighter)            Turns: 3068, Time: 00:06:08

Health: -1/53      AC:  5    Str: 21    XL:     6   Next: 99%
Magic:  5/5        EV:  9    Int:  5    God:    Makhleb [......]
Gold:   209        SH: 10    Dex: 11    Spells: 5/5 levels left

rFire    . . .     SeeInvis .   x - +2 trident (protect)
rCold    + + .     Gourm    .   c - +0 shield
rNeg     + . .     Faith    .   v - +2 ring mail {rC+}
rPois    .         Spirit   .   (helmet restricted)
rElec    .         Reflect  .   r - +0 cloak
rCorr    .         Harm     .   (no gloves)
MR       .....                  (no boots)
Stlth    +.........             z - amulet of Ephemeral Luck {rC+ Regen+}
HPRegen  0.57/turn              g - ring of positive energy
MPRegen  0.09/turn              (no ring)

@: corroded
A: retaliatory headbutt, horns 2
a: Renounce Religion


You were on level 4 of the Dungeon.
You worshipped Makhleb.
Makhleb was noncommittal.
You were not hungry.

You visited 1 branch of the dungeon, and saw 4 of its levels.

You collected 345 gold pieces.
You spent 136 gold pieces at shops.

Inventory:

Hand Weapons
 a - a +0 war axe
 x - a +2 trident of protection (weapon)
Missiles
 s - 8 tomahawks (quivered)
Armour
 c - a +0 shield (worn)
 r - a +0 cloak (worn)
 v - a +2 ring mail of cold resistance (worn)
Jewellery
 g - a ring of positive energy (left hand)
 z - the amulet of Ephemeral Luck (around neck) {rC+ Regen+}
   (You found it on level 4 of the Dungeon)

   [amulet of regeneration]

   It protects you from cold.
   It increases your rate of regeneration.
Wands
 o - a wand of flame (21)
 t - a wand of iceblast (8)
 y - a wand of enslavement (9)
Scrolls
 e - a scroll of noise {unknown}
 h - a scroll of amnesia {unknown}
 m - 2 scrolls of identify {unknown}
 n - a scroll of magic mapping {unknown}
 q - a scroll of remove curse {unknown}
 u - 3 scrolls of teleportation {unknown}
 B - a scroll of blinking
Potions
 d - 2 potions of might
 i - 2 potions of cancellation {unknown}
 j - a potion of degeneration {unknown}
 k - 3 potions of curing
 l - a potion of mutation {unknown}
 p - 4 potions of flight {unknown}
 w - a potion of haste {unknown}
 A - a potion of heal wounds {unknown}
Comestibles
 b - 6 chunks of flesh
 f - 10 rations


   Skills:
 + Level 4.7 Fighting
 + Level 5.7 Axes
 + Level 0.7(3.6) Polearms
 + Level 0.1 Throwing
 + Level 4.8 Armour
 + Level 1.4 Dodging
 + Level 6.1 Shields


You had 5 spell levels left.
You didn't know any spells.
Your spell library was empty.

Dungeon Overview and Level Annotations

Branches:
Dungeon (4/15)             Temple (0/1) D:4

Altars:
Ashenzari
Gozag
Hepliaklqana
Kikubaaqudgha
Makhleb
Wu Jian
Zin

Shops:
D:4 *

Annotations:
D:4 Ijyb


Innate Abilities, Weirdness & Mutations

You reflexively headbutt those who attack you in melee.
You have a pair of horns on your head.


Message History

You throw a tomahawk.
The tomahawk hits Ijyb but does no damage.
Ijyb is lightly wounded.
Ijyb zaps a wand.
The bolt of acid hits you!
You are splashed with acid.
Throwing (i - inventory)
s - 9 tomahawks (quivered)
Press: ? - help, Shift-Dir - straight line, f/p - Ijyb
Aim: Ijyb, wearing a +0 chain mail and carrying a wand of acid (5) (lightly wounded)
You throw a tomahawk.
The tomahawk hits Ijyb but does no damage.
Ijyb is lightly wounded.
Ijyb zaps a wand.
The bolt of acid hits you! The acid corrodes you!
You are splashed with acid!
* * * LOW HITPOINT WARNING * * *
Unknown command.
You feel better.
Ijyb screams, "Level is mine!
All mine!"
Ijyb zaps a wand.
The bolt of acid hits you!
* * * LOW HITPOINT WARNING * * *
You are splashed with acid!
You die...

.......... #.(...#
.......... #.(...#
#######... #.....#
###... #..(..# #.....
#...g(# #.....
###.....##########.....
#.'.....'........'.....
#...@.##....####.....
#####......)..####...
#.........# ####
#.........# #.........#
#.........#######
#.........'......
#.........#######
####'#########


You could see Ijyb.

Vanquished Creatures
  2 vampire bats (D:3)
  A centaur skeleton (D:4)
  3 orc wizards (D:3)
  2 orc priests (D:3)
  An iguana (D:4)
  Jessica (D:2)
  2 adders (D:3)
  8 gnolls
  2 oozes
  3 worms (D:2)
  A dart slug (D:1)
  A leopard gecko (D:2)
  14 orcs
  3 bat skeletons (D:3)
  2 bat zombies (D:3)
  3 giant cockroaches (D:3)
  6 goblins
  7 hobgoblins
  4 jackals (D:2)
  A quokka (D:3)
  6 bats
  5 frilled lizards
  7 kobolds
  A leopard gecko skeleton (D:2)
  3 rats
89 creatures vanquished.

Vanquished Creatures (others)
  2 plants (D:2)
2 creatures vanquished.

Grand Total: 91 creatures vanquished

Notes
Turn   | Place    | Note
-------+----------+-------------------------------------------
     0 | D:1      | dvd the Minotaur Fighter began the quest for the Orb.
     0 | D:1      | Reached XP level 1. HP: 19/19 MP: 0/0
   104 | D:1      | Reached XP level 2. HP: 22/27 MP: 1/1
   720 | D:2      | Noticed Jessica
   723 | D:2      | Killed Jessica
   723 | D:2      | Reached skill level 4 in Shields
   723 | D:2      | Reached XP level 3. HP: 33/33 MP: 2/2
   777 | D:2      | Reached skill level 1 in Dodging
   777 | D:2      | Reached XP level 4. HP: 39/41 MP: 3/3
   876 | D:2      | Found a shattered altar of Ashenzari.
   881 | D:2      | Saw a vision of the Swamp and the Snake Pit.
   881 | D:2      | Noticed a naga
   881 | D:2      | Noticed a mana viper
   881 | D:2      | Noticed a shock serpent
   881 | D:2      | Noticed a naga
   881 | D:2      | Noticed a black mamba
   881 | D:2      | Noticed a naga mage
   881 | D:2      | Noticed an alligator
   881 | D:2      | Noticed an alligator
   882 | D:2      | Noticed a naga sharpshooter
   882 | D:2      | Noticed an anaconda
   883 | D:2      | Noticed a bullfrog
  1101 | D:2      | Found an ornate altar of the Wu Jian Council.
  1679 | D:3      | Reached XP level 5. HP: 35/47 MP: 4/4
  1696 | D:3      | Reached skill level 5 in Shields
  1736 | D:3      | Reached skill level 5 in Axes
  1741 | D:3      | Reached XP level 6. HP: 23/53 MP: 5/5
  2106 | D:3      | Found a burning altar of Makhleb.
  2110 | D:3      | Found a hazy altar of Hepliaklqana.
  2116 | D:3      | Became a worshipper of Makhleb the Destroyer
  2165 | D:3      | Found an ancient bone altar of Kikubaaqudgha.
  2183 | D:3      | Reached skill level 6 in Shields
  2248 | D:3      | Found a glowing silver altar of Zin.
  2248 | D:3      | Found an opulent altar of Gozag.
  2483 | D:4      | Found a staircase to the Ecumenical Temple.
  2564 | D:4      | Got a coiled pewter amulet
  2565 | D:4      | Identified the amulet of Ephemeral Luck {rC+ Regen+} (You
                  | found it on level 4 of the Dungeon)
  2955 | D:4      | Found Affalik's General Store.
  2962 | D:4      | Bought a scroll of blinking for 97 gold pieces
  2962 | D:4      | Bought a potion of curing for 39 gold pieces
  3063 | D:4      | Noticed Ijyb
  3068 | D:4      | Splashed by Ijyb's acid

Skill      XL: |  1  2  3  4  5  6 |
---------------+-------------------+-----
Fighting       | 4 |  4.7
Axes           | 3 4 5 |  5.7
Armour         | 4 |  4.8
Shields        | 4 5 6 |  6.1
Dodging        | 1 |  1.4
Polearms       | |  0.7
Throwing       | |  0.1

Action                   |  1- 3 |  4- 6 || total
-------------------------+-------+-------++-------
Melee: War axe           |    54 |   115 ||   169
       Headbutt          |     3 |    24 ||    27
       Trident           |       |    24 ||    24
Throw: Tomahawk          |       |     7 ||     7
  Use: Potion            |       |     1 ||     1
  Eat: Chunk             |       |     7 ||     7
Armor: Scale mail        |    30 |    21 ||    51
       Ring mail         |       |    34 ||    34
Dodge: Dodged            |    22 |    50 ||    72
Block: Shield            |    22 |    59 ||    81
